 Dungeon Crawl Stone Soup version 0.20.1-1-g8b1a95d (webtiles) character file.

3896 vineage the Cruncher (level 10, -26/94 HPs)
             Began as a Tengu Berserker on Aug 13, 2017.
             Was a High Priest of Trog.
             Annihilated by an orc warrior
             ... wielding a +0 battleaxe
              (31 damage)
             ... on level 8 of the Dungeon.
             The game lasted 00:12:04 (5174 turns).

vineage the Cruncher (Tengu Berserker)              Turns: 5174, Time: 00:12:04

Health: -26/94     AC: 27    Str: 26    XL:     10   Next: 20%
Magic:  11/11      EV:  2    Int:  7    God:    Trog [*****.]
Gold:   414        SH:  0    Dex: 14    Spells: 9/9 levels left

rFire    . . .     SeeInvis .   n - +2 quarterstaff (chaos)
rCold    . . .     Gourm    +   (shield currently unavailable)
rNeg     + + +     Faith    .   (armour currently unavailable)
rPois    +         Spirit   .   (helmet currently unavailable)
rElec    .         Reflect  .   (cloak currently unavailable)
rCorr    .         Harm     .   (gloves currently unavailable)
MR       .....     Rnd*Rage +   (boots unavailable) Stlth +++.......NoTele +
                                h - amulet of the gourmand
Regen    0.3/turn               f - +2 ring of protection
MPRegen  0.2/turn               j - +3 ring of slaying

@: mighty, tree-form
A: berserk 1, screaming 1, able to fly 1
a: Fly, Berserk, Trog's Hand, Brothers in Arms, Burn Spellbooks, Renounce
Religion


You were on level 8 of the Dungeon.
You worshipped Trog.
Trog was extremely pleased with you.
You were hungry.
You were a tree.
You visited 1 branch of the dungeon, and saw 8 of its levels.

You collected 414 gold pieces.

Inventory:

Hand Weapons
 a - a +0 mace
 n - a +2 quarterstaff of chaos (weapon)
Armour
 o - a +0 cloak (melded)
 y - a +3 leather armour of fire resistance
 G - the +9 plate armour of the Big Bang (melded) {rF- rN+ Regen+}
   (You found it on level 6 of the Dungeon)

   It makes you vulnerable to fire.
   It protects you from negative energy.
   It increases your rate of regeneration.
Jewellery
 e - an uncursed ring of positive energy {unknown}
 f - a +2 ring of protection (left branch)
 h - an amulet of the gourmand (around neck)
 j - a +3 ring of slaying (right branch)
 k - an uncursed amulet of harm {unknown}
 H - an uncursed ring of protection from fire
Wands
 s - a wand of disintegration (7/24)
 z - a wand of iceblast (8/15)
Scrolls
 i - a scroll of random uselessness {unknown}
 l - a scroll of fog {unknown}
 p - 6 scrolls of identify {unknown}
 q - a scroll of teleportation {unknown}
 t - a scroll of blinking {unknown}
 v - a scroll of enchant armour {unknown}
 x - a scroll of magic mapping {unknown}
 D - 3 scrolls of remove curse
 F - a scroll of enchant weapon {unknown}
Potions
 g - a potion of haste {unknown}
 r - 2 potions of ambrosia
 w - 2 potions of invisibility
 E - 2 potions of might
Books
 d - a book of Conjurations

   Spells                             Type                      Level
   a - Magic Dart                     Conjuration                  1
   b - Searing Ray                    Conjuration                  2
   c - Dazzling Spray                 Conjuration/Hexes            3
   d - Fulminant Prism                Conjuration/Hexes            4
   e - Force Lance                    Conjuration/Translocation    4
   f - Iskenderun's Mystic Blast      Conjuration                  4
   Trog disapproves of the use of such an item.
Comestibles
 c - 7 bread rations
 u - 5 fruits
 B - a meat ration


   Skills:
 + Level 7.0 Fighting
 + Level 5.1(8.1) Maces & Flails
 + Level 9.9(10.4) Staves
 + Level 5.2 Armour
 + Level 5.1 Dodging
 + Level 6.2 Stealth


You had 9 spell levels left.
You didn't know any spells.

Dungeon Overview and Level Annotations

Branches:
Dungeon (8/15)             Temple (0/1) D:4
   Lair: D:8-11

Altars:
Dithmenos
Fedhas
Makhleb
Nemelex Xobeh
Qazlal
Ru


Innate Abilities, Weirdness & Mutations

((You have a beak for a mouth.))
((You have claws for feet.))
You can fly.
You tend to lose your temper in combat.
((Your system is resistant to poisons. (rPois)))
You occasionally shout uncontrollably at your foes.


Message History

The orc hits you but does no damage. The orc barely misses you.
You turn into a tree.
Your +0 cloak melds into your body.
The +9 plate armour of the Big Bang {rF- rN+ Regen+} melds into your body.
Your roots penetrate the ground.
The orc warrior hits you with a battleaxe!!
* * * LOW HITPOINT WARNING * * *
The adder skeleton bites you but does no damage.
The orc hits you but does no damage. x2
You creak at the centaur!
A centaur comes into view.
You closely miss the orc.
The orc warrior hits you with a battleaxe!!
* * * LOW HITPOINT WARNING * * *
The adder skeleton bites you but does no damage.
The centaur wields a shortbow.
The centaur shoots an arrow.
The arrow hits you but does no damage.
It was a potion of might.
You feel very mighty all of a sudden.
The orc warrior hits you with a battleaxe!!
You die...

.......... .....(.<# ..
#..#..# ........#
#.##..#..## ..........
#.........# ...........
#.........#
............#.........#
.........#..#.........#
#..#......#....†oo....##
#..#..##...#....♣oO.....
#.[...##.#.#...![Z....#.
†..#####.#.#.#...###.#..
)...## #.#.#.#...# #
.....###.#...#.c##...
......................
...........#...####...
...........#...# .
.....#.....###.#


You could see an orc warrior (berserk), an ogre, a centaur, 2 orcs and an adder
skeleton.

Vanquished Creatures
  The ghost of KobiteSteele the Cleaver, a novice HuCK of Xom (D:7)
  Pikel (D:5)
  Maurice (D:8)
  Eustachio (D:4)
  A hungry ghost (D:8)
  A water moccasin (D:7)
  A black bear (D:7)
  An ice beast (D:8)
  A sky beast (D:5)
  An orc warrior (D:7)
  A necrophage (D:8)
  A phantom (D:6)
  3 ogres
  A big kobold (D:8)
  2 bullfrogs
  A scorpion (D:5)
  3 wights (D:8)
  A howler monkey (D:4)
  3 crimson imps
  2 centaur zombies (D:7)
  A bullfrog zombie (D:5)
  A quasit (D:7)
  3 orc priests
  A gnoll shaman (D:4)
  2 hounds (D:5)
  Crazy Yiuf (D:2)
  A centaur skeleton (D:6)
  A jelly (D:5)
  3 orc wizards
  A bullfrog skeleton (D:7)
  5 worker ants
  A hound zombie (D:7)
  Robin (D:2)
  4 adders
  15 gnolls
  An adder zombie (D:8)
  3 worms
  A dart slug (D:4)
  2 leopard geckos
  13 orcs
  8 bats
  7 giant cockroaches
  12 goblins
  3 hobgoblins (D:2)
  7 jackals
  4 frilled lizards
  6 kobolds
  A leopard gecko skeleton (D:8)
  5 rats
142 creatures vanquished.

Vanquished Creatures (others)
  A slave (D:5)
1 creature vanquished.

Grand Total: 143 creatures vanquished

Notes
Turn   | Place    | Note
-------+----------+-------------------------------------------
     0 | D:1      | vineage the Tengu Berserker began the quest for the Orb.
     0 | D:1      | Reached XP level 1. HP: 14/14 MP: 2/2
   304 | D:1      | Reached XP level 2. HP: 19/19 MP: 3/3
   969 | D:2      | Noticed Robin
   995 | D:2      | Reached XP level 3. HP: 18/23 MP: 4/4
  1001 | D:2      | Killed Robin
  1001 | D:2      | Reached ** piety under Trog
  1288 | D:2      | Found a sparkling altar of Nemelex Xobeh.
  1350 | D:2      | Reached XP level 4. HP: 28/28 MP: 5/5
  1415 | D:2      | Found a runed door.
  1500 | D:2      | Noticed Crazy Yiuf
  1503 | D:2      | Killed Crazy Yiuf
  1838 | D:3      | Gained mutation: You can fly. [Tengu growth]
  1838 | D:3      | Reached XP level 5. HP: 28/33 MP: 6/6
  1884 | D:3      | Found a shadowy altar of Dithmenos.
  1917 | D:3      | Reached skill level 1 in Staves
  1917 | D:3      | Reached skill level 1 in Stealth
  2000 | D:3      | Reached *** piety under Trog
  2082 | D:3      | Found a sacrificial altar of Ru.
  2219 | D:4      | Noticed Eustachio
  2225 | D:4      | Killed Eustachio
  2225 | D:4      | Reached skill level 5 in Maces & Flails
  2225 | D:4      | Reached skill level 2 in Staves
  2225 | D:4      | Reached XP level 6. HP: 37/38 MP: 7/7
  2432 | D:4      | Reached XP level 7. HP: 33/44 MP: 8/8
  2467 | D:4      | Reached skill level 3 in Staves
  2854 | D:4      | Found a staircase to the Ecumenical Temple.
  2978 | D:5      | Entered Level 5 of the Dungeon
  2996 | D:5      | Reached skill level 4 in Staves
  3065 | D:5      | Reached XP level 8. HP: 40/48 MP: 9/9
  3078 | D:5      | Reached **** piety under Trog
  3394 | D:5      | Reached skill level 5 in Staves
  3470 | D:5      | Reached skill level 5 in Fighting
  3569 | D:5      | Noticed Pikel
  3576 | D:5      | Killed Pikel
  3576 | D:5      | Reached skill level 6 in Staves
  3576 | D:5      | Reached skill level 5 in Stealth
  3786 | D:6      | Reached skill level 7 in Staves
  3905 | D:6      | Got a smoking plate armour
  3916 | D:6      | Identified the +9 plate armour of the Big Bang {rF- rN+ Regen+} (You found it on level 6 of the Dungeon)
  4212 | D:6      | Reached XP level 9. HP: 54/54 MP: 10/10
  4454 | D:7      | Noticed KobiteSteele's ghost (novice HuCK)
  4483 | D:7      | HP: 2/54 [something (6)]
  4501 | D:7      | Gained mutation: You tend to lose your temper in combat. [potion of mutation]
  4501 | D:7      | Gained mutation: You occasionally shout uncontrollably at your foes. [potion of mutation]
  4501 | D:7      | Gained mutation: Your system is resistant to poisons. (rPois) [potion of mutation]
  4504 | D:7      | Killed KobiteSteele's ghost
  4504 | D:7      | Reached skill level 8 in Staves
  5017 | D:8      | Reached skill level 9 in Staves
  5019 | D:8      | Noticed Maurice
  5030 | D:8      | Killed Maurice
  5030 | D:8      | Reached ***** piety under Trog
  5030 | D:8      | Reached skill level 5 in Armour
  5030 | D:8      | Reached skill level 5 in Dodging
  5030 | D:8      | Reached XP level 10. HP: 61/61 MP: 11/11
  5089 | D:8      | Found a blossoming altar of Fedhas.
  5107 | D:8      | Found a burning altar of Makhleb.
  5109 | D:8      | Found a stormy altar of Qazlal.
  5174 | D:8      | Annihilated by an orc warrior

Skill      XL: |  1  2  3  4  5  6  7  8  9 10 |
---------------+-------------------------------+-----
Maces & Flails | 4 5 |  5.1
Staves         | 2 4 7 9 |  9.9
Dodging        | 3 4 5 |  5.1
Stealth        | 1 2 3 5 6 |  6.2
Fighting       | 4 5 6 7 |  7.0
Armour         | 3 5 |  5.2

Action                   |  1- 3 |  4- 6 |  7- 9 | 10-12 || total
-------------------------+-------+-------+-------+-------++-------
Melee: Mace              |    77 |     5 |       |       ||    82
       Kick              |    21 |    16 |    53 |    12 ||   102
       Peck              |     8 |     6 |    19 |     8 ||    41
       Quarterstaff      |       |    49 |   189 |    48 ||   286
  Use: Potion            |     4 |     1 |     6 |     3 ||    14
       Scroll            |     1 |       |     1 |       ||     2
 Stab: Invisible         |     1 |       |       |       ||     1
       Paralysed         |       |     2 |     1 |       ||     3
       Distracted        |       |     1 |     2 |       ||     3
       Sleeping          |       |       |     7 |       ||     7
       Petrifying        |       |       |     1 |       ||     1
  Eat: Royal jelly       |     1 |       |       |       ||     1
       Chunk             |       |     1 |     2 |       ||     3
       Fruit             |       |     1 |       |       ||     1
       Meat ration       |       |       |     2 |     1 ||     3
Armor: Leather armour    |    26 |    21 |    27 |       ||    74
       Plate armour      |       |       |   103 |    65 ||   168
       Skin              |       |       |    16 |     5 ||    21
Dodge: Dodged            |    89 |    46 |    70 |    33 ||   238
